CHICAGO Blackhawks vs SEATTLE Kraken

Created - 11 mars 2024 at 20:37

Goals
1 2 3 T
CHICAGO Blackhawks 1 1 2 4
SEATTLE Kraken 1 0 1 2
Shots
1 2 3 T
CHICAGO Blackhawks 8 11 12 31
SEATTLE Kraken 12 4 10 26

1st period

1. CHICAGO Blackhawks , Matt Roy 10 (Teuvo Teravainen 21, Jonathan Toews 17) at 0:18
2. SEATTLE Kraken , Givani Smith 6 (Arber Xhekaj 13, Mathieu Olivier 8) at 3:39

Penalties :
Nicolas Hague (CHI) for Tripping (Minor) at 1:17, Arber Xhekaj (SEA) for Tripping (Minor) at 6:40, Mathieu Olivier (SEA) for Roughing (Minor) at 10:08, Jake Walman (CHI) for Cross-checking (Minor) at 15:58

2nd period

3. CHICAGO Blackhawks , Aaron Ekblad 12 (Conor Sheary 24, Patrick Kane 13) at 0:13 (PP)

Penalties :
Luke Kunin (SEA) for Holding Stick (Minor) at 0:03, Mathieu Olivier (SEA) for Tripping (Minor) at 4:00, Matt Martin (SEA) for Tripping (Minor) at 6:54, Sergei Bobrovsky (SEA) for Slashing (Minor) at 7:41 - Brendan Lemieux served the penalty., Brett Ritchie (CHI) for Holding (Minor) at 9:58, Liam O'Brien (SEA) for Slashing (Minor) at 14:05

3rd period

4. CHICAGO Blackhawks , Aaron Ekblad 13 (Matt Roy 26, Jonathan Toews 18) at 17:50 (PP)
5. SEATTLE Kraken , Brendan Lemieux 10 (Radko Gudas 26, Luke Kunin 9) at 18:38
6. CHICAGO Blackhawks , Aaron Ekblad 14 (Ryan Johansen 17, Patrick Kane 14) at 19:36 (Empty Net)

Penalties :
Teuvo Teravainen (CHI) for Tripping (Minor) at 1:16, Arber Xhekaj (SEA) for Holding (Minor) at 7:11, Radko Gudas (SEA) for Interference (Minor) at 16:14

Goalie Stats

James Reimer (CHI), 24 saves from 26 shots - (0,923), W, 2-6-0, 60:00 minutes
Sergei Bobrovsky (SEA), 27 saves from 30 shots - (0,900), L, 9-27-9, 59:25 minutes

Players Stats for CHICAGO Blackhawks

Player Name              G  A  P  +/- PIM S  H  SB GA TA FO     MP     PP MP  PK MP  
------------------------------------------------------------------------------------
Aaron Ekblad             3  0  3   1  0   3  2  2  0  0  0/0    25:31   7:16   3:50 
Brett Ritchie            0  0  0  -1  2   0  0  0  0  0  0/0     6:24   0:00   0:00 
Conor Sheary             0  1  1   1  0   3  1  0  0  0  0/0    21:22   8:16   4:58 
Eric Robinson            0  0  0   0  0   0  0  0  0  0  0/2    11:39   0:00   0:04 
Erik Johnson             0  0  0   0  0   3  1  4  0  0  0/0    22:08   7:11   4:05 
Jake Walman              0  0  0   0  2   0  3  2  0  0  0/0    20:54   7:11   2:52 
Jonathan Toews           0  2  2   0  0   2  0  0  0  0  19/25  17:51   6:11   0:11 
Josh Manson              0  0  0  -1  0   0  4  1  0  0  0/0    13:34   0:00   1:14 
Marcus Foligno           0  0  0   0  0   2  3  0  0  0  1/2    13:54   6:11   0:00 
Matt Roy                 1  1  2   1  0   3  3  3  0  0  0/0    25:32   7:16   3:51 
Nicolas Hague            0  0  0  -1  2   0  1  0  0  0  0/0    12:19   0:00   0:00 
Patrick Kane             0  2  2   1  0   3  0  0  0  0  4/7    24:32   8:16   4:22 
Ryan Johansen            0  1  1   1  0   2  1  0  0  0  14/28  19:18   8:16   2:54 
Taylor Raddysh           0  0  0  -1  0   0  0  0  0  0  0/0     6:25   0:00   0:00 
Teuvo Teravainen         0  1  1   0  2   6  0  0  0  0  2/4    20:02   6:11   2:23 
Tom Wilson               0  0  0   0  0   2  0  0  0  0  0/0    11:35   0:00   0:00 
Trent Frederic           0  0  0   0  0   2  2  0  0  0  9/15   12:35   0:00   1:00 
Tyler Motte              0  0  0  -1  0   0  0  0  0  0  1/3     6:25   0:00   0:00 

Players Stats for SEATTLE Kraken

Player Name              G  A  P  +/- PIM S  H  SB GA TA FO     MP     PP MP  PK MP  
------------------------------------------------------------------------------------
Arber Xhekaj             0  1  1   1  4   1  1  0  0  0  0/0    14:16   0:00   0:00 
Brendan Lemieux          1  0  1  -1  0   2  1  0  0  0  9/17   25:09   3:19   6:59 
Givani Smith             1  0  1   1  0   2  1  0  0  0  0/1    11:17   0:00   0:00 
Jake Gardiner            0  0  0  -1  0   2  1  3  0  0  0/0    24:46   3:24   7:13 
Jakub Zboril             0  0  0   1  0   2  2  3  0  0  0/0    24:01   3:24   6:48 
Joel Hanley              0  0  0   0  0   1  1  3  0  0  0/0    20:15   4:32   6:33 
John Hayden              0  0  0   0  0   0  0  0  0  0  0/0     0:00   0:00   0:00 
Jordan Greenway          0  0  0  -1  0   3  2  0  0  0  3/8    19:25   3:19   5:13 
Jordan Gross             0  0  0   0  0   0  2  2  0  0  0/0    16:29   0:00   7:19 
Liam O'Brien             0  0  0   0  2   0  1  0  0  0  1/1    12:14   0:00   0:46 
Luke Kunin               0  1  1  -1  2   2  3  0  0  0  4/19   22:39   3:19   8:28 
Mathieu Olivier          0  1  1   1  4   0  0  0  0  0  4/12   11:15   0:00   0:00 
Matt Martin              0  0  0   0  2   1  2  0  0  0  1/4    20:15   4:37   4:10 
Matty Beniers            0  0  0   0  0   2  0  0  0  0  10/18  16:06   4:37   0:00 
Radko Gudas              0  1  1  -1  2   4  10 3  0  0  0/0    20:10   4:32   1:01 
Ryan Kesler              0  0  0   0  0   0  0  0  0  0  2/3     6:04   0:00   2:06 
Wayne Simmonds           0  0  0   1  0   1  3  0  0  0  0/0    15:54   4:37   0:00 
Zack MacEwen             0  0  0   0  0   3  2  0  0  0  2/3     3:58   0:00   0:00 

3 Stars

1 - Aaron Ekblad (CHI)
2 - Matt Roy (CHI)
3 - Patrick Kane (CHI)

Power Play

CHICAGO Blackhawks - 2 on 9 Attempt(s) - 22,22%
SEATTLE Kraken - 0 on 4 Attempt(s) - 0,00%

Penalty Kill

CHICAGO Blackhawks - 4 on 4 Attempt(s) - 100,00% - Score 0 goal in Penalty Kill
SEATTLE Kraken - 7 on 9 Attempt(s) - 77,78% - Score 0 goal in Penalty Kill

Team Stat

CHICAGO Blackhawks - Hits : 21 - Faceoff Wins : 50 - Blocked Shots : 12 - Penalty Minutes : 8
SEATTLE Kraken - Hits : 32 - Faceoff Wins : 36 - Blocked Shots : 14 - Penalty Minutes : 18

Official

Referees : John Hoolihan and Cianna Lieffers
Linesman : Justin Johnson and Julia Kainberger

Game Notes

Aaron Ekblad has scored a Hat Trick!
Aaron Ekblad has scored in a empty net!

Finance

Level 1 -- Attendance: 4897 (81,62%) -- Ticket Income $489,700
Level 2 -- Attendance: 4055 (81,10%) -- Ticket Income $243,300
Level 3 -- Attendance: 2000 (100,00%) -- Ticket Income $70,000
Level 4 -- Attendance: 2662 (66,55%) -- Ticket Income $66,550
Luxury Box -- Attendance: 843 (84,30%) -- Ticket Income $168,600
Total Attendance: 14457 (80,32%)
Total Ticket Income: $1,038,150
Other Income: $259,538
Total Income: $1,297,688

CHICAGO Blackhawks

5 vs 5 Forward 
   Center                   Left Wing                Right Wing               Time % Phy DF OF 
 1 Jonathan Toews           Teuvo Teravainen         Patrick Kane             40     0   1  4  
 2 Ryan Johansen            Conor Sheary             Marcus Foligno           30     1   1  3  
 3 Trent Frederic           Eric Robinson            Tom Wilson               20     1   3  1  
 4 Tyler Motte              Brett Ritchie            Taylor Raddysh           10     1   3  1  

5 vs 5 Defense 
   Defense                  Defense                                           Time % Phy DF OF 
 1 Aaron Ekblad             Matt Roy                                          40     1   2  2  
 2 Erik Johnson             Jake Walman                                       30     1   2  2  
 3 Nicolas Hague            Josh Manson                                       20     1   2  2  
 4 Aaron Ekblad             Matt Roy                                          10     1   2  2  

PowerPlay Forward 
   Center                   Left Wing                Right Wing               Time % Phy DF OF 
 1 Ryan Johansen            Conor Sheary             Patrick Kane             60     1   2  2  
 2 Jonathan Toews           Teuvo Teravainen         Marcus Foligno           40     1   2  2  

PowerPlay Defense
   Defense                  Defense                                           Time % Phy DF OF 
 1 Aaron Ekblad             Matt Roy                                          60     1   2  2  
 2 Erik Johnson             Jake Walman                                       40     1   2  2  

Penalty Kill 4 Players Forward 
   Center                   Wing                     Time % Phy DF OF 
 1 Patrick Kane             Conor Sheary             60     1   2  2  
 2 Teuvo Teravainen         Ryan Johansen            40     1   2  2  

Penalty Kill 4 Players Defense
   Defense                  Defense                  Time % Phy DF OF 
 1 Aaron Ekblad             Matt Roy                 60     1   2  2  
 2 Erik Johnson             Jake Walman              40     1   2  2  

Penalty Kill - 3 Players Forward 
   Forward                                           Time % Phy DF OF 
 1 Patrick Kane                                      60     1   2  2  
 2 Conor Sheary                                      40     1   2  2  

Penalty Kill - 3 Players Defense
   Defense                  Defense                  Time % Phy DF OF 
 1 Aaron Ekblad             Matt Roy                 60     1   2  2  
 2 Erik Johnson             Jake Walman              40     1   2  2  

4 vs 4 Forward 
   Center                   Wing                     Time % Phy DF OF 
 1 Patrick Kane             Conor Sheary             60     1   2  2  
 2 Teuvo Teravainen         Ryan Johansen            40     1   2  2  

4 vs 4 Defense
   Defense                  Defense                  Time % Phy DF OF 
 1 Aaron Ekblad             Matt Roy                 60     1   2  2  
 2 Erik Johnson             Jake Walman              40     1   2  2  

Last Minutes Offensive
   Center                   Left Wing                Right Wing               Defense                  Defense                  
   Ryan Johansen            Conor Sheary             Patrick Kane             Aaron Ekblad             Matt Roy                 

Last Minutes Defensive
   Center                   Left Wing                Right Wing               Defense                  Defense                  
   Ryan Johansen            Conor Sheary             Patrick Kane             Aaron Ekblad             Matt Roy                 

Goaltenders
Starting : James Reimer             
Backup : Frederik Andersen        

Extra Forwards
Normal : Brett Ritchie, Eric Robinson, Trent Frederic - PP : Brett Ritchie, Eric Robinson - PK : Trent Frederic
Extra Defensemen
Normal : Nicolas Hague, Josh Manson, Erik Johnson - PP : Nicolas Hague - PK : Josh Manson, Erik Johnson
Penalty Shots
Patrick Kane, Conor Sheary, Teuvo Teravainen, Ryan Johansen, Jonathan Toews

Scratches
Jakub Vrana (Healthy)

SEATTLE Kraken

5 vs 5 Forward 
   Center                   Left Wing                Right Wing               Time % Phy DF OF 
 1 Luke Kunin               Brendan Lemieux          Jordan Greenway          40     1   2  2  
 2 Matty Beniers            Matt Martin              Liam O'Brien             30     1   2  2  
 3 Zack MacEwen             Ryan Kesler              Brendan Lemieux          20     1   2  2  
 4 Mathieu Olivier          Wayne Simmonds           Givani Smith             10     1   2  2  

5 vs 5 Defense 
   Defense                  Defense                                           Time % Phy DF OF 
 1 Radko Gudas              Jake Gardiner                                     40     1   2  2  
 2 Jakub Zboril             Arber Xhekaj                                      30     1   2  2  
 3 Jordan Gross             Joel Hanley                                       20     1   2  2  
 4 Radko Gudas              Jake Gardiner                                     10     1   2  2  

PowerPlay Forward 
   Center                   Left Wing                Right Wing               Time % Phy DF OF 
 1 Luke Kunin               Brendan Lemieux          Jordan Greenway          60     1   2  2  
 2 Matty Beniers            Matt Martin              Wayne Simmonds           40     1   2  2  

PowerPlay Defense
   Defense                  Defense                                           Time % Phy DF OF 
 1 Radko Gudas              Joel Hanley                                       60     1   2  2  
 2 Jakub Zboril             Jake Gardiner                                     40     1   2  2  

Penalty Kill 4 Players Forward 
   Center                   Wing                     Time % Phy DF OF 
 1 Brendan Lemieux          Luke Kunin               60     1   2  2  
 2 Jordan Greenway          Matt Martin              40     1   2  2  

Penalty Kill 4 Players Defense
   Defense                  Defense                  Time % Phy DF OF 
 1 Jake Gardiner            Jordan Gross             60     1   2  2  
 2 Jakub Zboril             Joel Hanley              40     1   2  2  

Penalty Kill - 3 Players Forward 
   Forward                                           Time % Phy DF OF 
 1 Jordan Greenway                                   60     1   2  2  
 2 Luke Kunin                                        40     1   2  2  

Penalty Kill - 3 Players Defense
   Defense                  Defense                  Time % Phy DF OF 
 1 Radko Gudas              Joel Hanley              60     1   2  2  
 2 Jakub Zboril             Jordan Gross             40     1   2  2  

4 vs 4 Forward 
   Center                   Wing                     Time % Phy DF OF 
 1 Luke Kunin               Jordan Greenway          60     1   2  2  
 2 Brendan Lemieux          Matt Martin              40     1   2  2  

4 vs 4 Defense
   Defense                  Defense                  Time % Phy DF OF 
 1 Joel Hanley              Jake Gardiner            60     1   2  2  
 2 Jakub Zboril             Jordan Gross             40     1   2  2  

Last Minutes Offensive
   Center                   Left Wing                Right Wing               Defense                  Defense                  
   Luke Kunin               Brendan Lemieux          Jordan Greenway          Radko Gudas              Jake Gardiner            

Last Minutes Defensive
   Center                   Left Wing                Right Wing               Defense                  Defense                  
   Luke Kunin               Brendan Lemieux          Jordan Greenway          Radko Gudas              Jake Gardiner            

Goaltenders
Starting : Sergei Bobrovsky         
Backup : Laurent Brossoit         

Extra Forwards
Normal : Jordan Greenway, Brendan Lemieux, Luke Kunin - PP : Luke Kunin, Brendan Lemieux - PK : Luke Kunin
Extra Defensemen
Normal : Jordan Gross, Joel Hanley, Jakub Zboril - PP : Jakub Zboril - PK : Joel Hanley, Jakub Zboril
Penalty Shots
Brendan Lemieux, Luke Kunin, Jordan Greenway, Matt Martin, Wayne Simmonds

Scratches
Carey Price (Healthy)

% Time on Ice - CHICAGO Blackhawks

Lines # - Real PCT - Wanted PCT - Time Play
Normal Forward
1 - 31% - 40% - 11:29
2 - 21% - 30% - 7:43
3 - 31% - 20% - 11:35
4 - 17% - 10% - 6:25
Normal Defense
1 - 38% - 40% - 14:00
2 - 29% - 30% - 10:52
3 - 33% - 20% - 12:20
4 - 0% - 10% - 0:00
PP Forward
1 - 57% - 60% - 8:16
2 - 43% - 40% - 6:11
PP Defense
1 - 50% - 60% - 7:16
2 - 50% - 40% - 7:11
PK Forward
1 - 63% - 60% - 5:02
2 - 37% - 40% - 2:54
PK Defense
1 - 42% - 60% - 3:21
2 - 58% - 40% - 4:35
PK3 Forward
1 - 0% - 60%
2 - 0% - 40%
PK3 Defense
1 - 0% - 60%
2 - 0% - 40%
44 Forward
1 - 0% - 60%
2 - 0% - 40%
44 Defense
1 - 0% - 60%
2 - 0% - 40%
Last Minute Offensive  - 0:00
Last Minute Defensive  - 0:25
Total
Forward - 60:00
Defense - 60:00

% Time on Ice - SEATTLE Kraken

Lines # - Real PCT - Wanted PCT - Time Play
Normal Forward
1 - 28% - 40% - 10:28
2 - 31% - 30% - 11:29
3 - 11% - 20% - 3:58
4 - 30% - 10% - 11:17
Normal Defense
1 - 37% - 40% - 13:44
2 - 38% - 30% - 14:18
3 - 25% - 20% - 9:10
4 - 0% - 10% - 0:00
PP Forward
1 - 42% - 60% - 3:19
2 - 58% - 40% - 4:37
PP Defense
1 - 57% - 60% - 4:32
2 - 43% - 40% - 3:24
PK Forward
1 - 69% - 60% - 9:05
2 - 31% - 40% - 4:10
PK Defense
1 - 55% - 60% - 7:21
2 - 45% - 40% - 5:54
PK3 Forward
1 - 88% - 60% - 1:03
2 - 13% - 40% - 0:09
PK3 Defense
1 - 51% - 60% - 0:37
2 - 49% - 40% - 0:35
44 Forward
1 - 0% - 60%
2 - 0% - 40%
44 Defense
1 - 0% - 60%
2 - 0% - 40%
Last Minute Offensive  - 0:25
Last Minute Defensive  - 0:00
Total
Forward - 60:00
Defense - 60:00

Play-by-Play

1st period


0:01 of 1st period - Luke Kunin wins face-off versus Jonathan Toews in neutral zone.
0:11 of 1st period - Matt Roy is hit by Radko Gudas and loses puck.
0:14 of 1st period - Shot by Jonathan Toews.
0:14 of 1st period - Shot Blocked by Radko Gudas.
0:16 of 1st period - Shot by Teuvo Teravainen.
0:16 of 1st period - Stopped by Sergei Bobrovsky with a rebound.
0:18 of 1st period - Shot by Matt Roy.
0:18 of 1st period - Goal by Matt Roy - CHICAGO Blackhawks : 1 - SEATTLE Kraken : 0.
0:19 of 1st period - Ryan Johansen wins face-off versus Matt Martin in neutral zone.
0:50 of 1st period - Shot by Jakub Zboril.
0:50 of 1st period - Stopped by James Reimer without a rebound.
0:51 of 1st period - Zack MacEwen wins face-off versus Trent Frederic in CHICAGO Blackhawks zone.
0:51 of 1st period - Brendan Lemieux is hit by Josh Manson and loses puck.
1:05 of 1st period - Zack MacEwen is hit by Josh Manson and loses puck.
1:08 of 1st period - Shot by Zack MacEwen.
1:08 of 1st period - Shot Misses the Net.
1:10 of 1st period - Shot by Joel Hanley.
1:10 of 1st period - Shot Misses the Net.
1:17 of 1st period - Minor Penalty to Nicolas Hague for Tripping.
1:18 of 1st period - Matty Beniers wins face-off versus Patrick Kane in CHICAGO Blackhawks zone.
1:48 of 1st period - Matt Martin is hit by Matt Roy and loses puck.
2:29 of 1st period - Shot by Luke Kunin.
2:29 of 1st period - Shot Blocked by Jake Walman.
2:31 of 1st period - Shot by Radko Gudas.
2:31 of 1st period - Shot Blocked by Jake Walman.
2:33 of 1st period - Shot by Luke Kunin.
2:33 of 1st period - Shot Misses the Net.
2:35 of 1st period - Shot by Radko Gudas.
2:35 of 1st period - Shot Misses the Net.
2:37 of 1st period - Shot by Radko Gudas.
2:37 of 1st period - Shot Misses the Net.
2:43 of 1st period - Shot by Jordan Greenway.
2:43 of 1st period - Stopped by James Reimer without a rebound.
2:44 of 1st period - Patrick Kane wins face-off versus Luke Kunin in CHICAGO Blackhawks zone.
3:11 of 1st period - Shot by Luke Kunin.
3:11 of 1st period - Shot Blocked by Matt Roy.
3:13 of 1st period - Shot by Luke Kunin.
3:13 of 1st period - Stopped by James Reimer without a rebound.
3:14 of 1st period - Matty Beniers wins face-off versus Teuvo Teravainen in CHICAGO Blackhawks zone.
3:25 of 1st period - Shot by Nicolas Hague.
3:25 of 1st period - Shot Misses the Net.
3:39 of 1st period - Shot by Givani Smith.
3:39 of 1st period - Goal by Givani Smith - CHICAGO Blackhawks : 1 - SEATTLE Kraken : 1.
3:40 of 1st period - Trent Frederic wins face-off versus Matty Beniers in neutral zone.
3:47 of 1st period - Shot by Eric Robinson.
3:47 of 1st period - Shot Blocked by Radko Gudas.
3:51 of 1st period - Shot by Tom Wilson.
3:51 of 1st period - Stopped by Sergei Bobrovsky without a rebound.
3:52 of 1st period - Jonathan Toews wins face-off versus Matty Beniers in SEATTLE Kraken zone.
3:53 of 1st period - Shot by Patrick Kane.
3:53 of 1st period - Shot Misses the Net.
3:57 of 1st period - Shot by Patrick Kane.
3:57 of 1st period - Stopped by Sergei Bobrovsky without a rebound.
3:58 of 1st period - Jonathan Toews wins face-off versus Jordan Greenway in SEATTLE Kraken zone.
3:58 of 1st period - Jonathan Toews is hit by Jordan Gross.
4:03 of 1st period - Icing by Joel Hanley.
4:04 of 1st period - Jonathan Toews wins face-off versus Luke Kunin in SEATTLE Kraken zone.
4:04 of 1st period - Jonathan Toews is hit by Jordan Gross.
5:00 of 1st period - Teuvo Teravainen is hit by Liam O'Brien and loses puck.
5:38 of 1st period - Shot by Matt Martin.
5:38 of 1st period - Stopped by James Reimer without a rebound.
5:39 of 1st period - Mathieu Olivier wins face-off versus Eric Robinson in CHICAGO Blackhawks zone.
5:39 of 1st period - Mathieu Olivier is hit by Josh Manson.
5:52 of 1st period - Trent Frederic is hit by Jakub Zboril and loses puck.
6:37 of 1st period - Shot by Ryan Johansen.
6:37 of 1st period - Shot Misses the Net.
6:40 of 1st period - Minor Penalty to Arber Xhekaj for Tripping.
6:41 of 1st period - Ryan Johansen wins face-off versus Brendan Lemieux in SEATTLE Kraken zone.
6:46 of 1st period - Shot by Conor Sheary.
6:46 of 1st period - Shot Misses the Net.
7:30 of 1st period - Aaron Ekblad is hit by Jordan Greenway.
7:41 of 1st period - Icing by Aaron Ekblad.
7:42 of 1st period - Jonathan Toews wins face-off versus Brendan Lemieux in CHICAGO Blackhawks zone.
8:33 of 1st period - Shot by Erik Johnson.
8:33 of 1st period - Shot Misses the Net.
9:00 of 1st period - Shot by Mathieu Olivier.
9:00 of 1st period - Shot Misses the Net.
9:02 of 1st period - Shot by Wayne Simmonds.
9:02 of 1st period - Stopped by James Reimer without a rebound.
9:03 of 1st period - Matty Beniers wins face-off versus Eric Robinson in CHICAGO Blackhawks zone.
9:12 of 1st period - Shot by Matty Beniers.
9:12 of 1st period - Shot Blocked by Erik Johnson.
10:01 of 1st period - Shot by Jordan Greenway.
10:01 of 1st period - Stopped by James Reimer without a rebound.
10:02 of 1st period - Teuvo Teravainen wins face-off versus Mathieu Olivier in CHICAGO Blackhawks zone.
10:08 of 1st period - Minor Penalty to Mathieu Olivier for Roughing.
10:09 of 1st period - Brendan Lemieux wins face-off versus Ryan Johansen in SEATTLE Kraken zone.
10:15 of 1st period - Icing by Aaron Ekblad.
10:16 of 1st period - Brendan Lemieux wins face-off versus Ryan Johansen in CHICAGO Blackhawks zone.
10:26 of 1st period - Matt Roy is hit by Jake Gardiner.
11:30 of 1st period - Shot by Marcus Foligno.
11:30 of 1st period - Shot Blocked by Jake Gardiner.
11:32 of 1st period - Shot by Erik Johnson.
11:32 of 1st period - Shot Blocked by Jake Gardiner.
11:34 of 1st period - Shot by Teuvo Teravainen.
11:34 of 1st period - Stopped by Sergei Bobrovsky without a rebound.
11:35 of 1st period - Brendan Lemieux wins face-off versus Jonathan Toews in SEATTLE Kraken zone.
11:35 of 1st period - Brendan Lemieux is hit by Marcus Foligno.
11:55 of 1st period - Shot by Erik Johnson.
11:55 of 1st period - Stopped by Sergei Bobrovsky without a rebound.
11:56 of 1st period - Brendan Lemieux wins face-off versus Ryan Johansen in SEATTLE Kraken zone.
12:11 of 1st period - Shot by Taylor Raddysh.
12:11 of 1st period - Shot Blocked by Jake Gardiner.
13:10 of 1st period - Icing by Jake Walman.
13:11 of 1st period - Jonathan Toews wins face-off versus Luke Kunin in CHICAGO Blackhawks zone.
13:43 of 1st period - Shot by Brendan Lemieux.
13:43 of 1st period - Stopped by James Reimer with a rebound.
14:24 of 1st period - Icing by Aaron Ekblad.
14:25 of 1st period - Zack MacEwen wins face-off versus Ryan Johansen in CHICAGO Blackhawks zone.
14:32 of 1st period - Shot by Brendan Lemieux.
14:32 of 1st period - Shot Blocked by Matt Roy.
14:34 of 1st period - Shot by Zack MacEwen.
14:34 of 1st period - Stopped by James Reimer without a rebound.
14:35 of 1st period - Trent Frederic wins face-off versus Mathieu Olivier in CHICAGO Blackhawks zone.
14:53 of 1st period - Icing by Matt Roy.
14:54 of 1st period - Trent Frederic wins face-off versus Matty Beniers in CHICAGO Blackhawks zone.
15:17 of 1st period - Icing by Matt Roy.
15:18 of 1st period - Trent Frederic wins face-off versus Luke Kunin in CHICAGO Blackhawks zone.
15:47 of 1st period - Matt Roy is hit by Radko Gudas and loses puck.
15:57 of 1st period - Radko Gudas is hit by Jake Walman and loses puck.
15:58 of 1st period - Minor Penalty to Jake Walman for Cross-checking.
15:59 of 1st period - Matt Martin wins face-off versus Patrick Kane in CHICAGO Blackhawks zone.
16:06 of 1st period - Shot by Matty Beniers.
16:06 of 1st period - Shot Blocked by Erik Johnson.
16:08 of 1st period - Shot by Matty Beniers.
16:08 of 1st period - Shot Misses the Net.
16:10 of 1st period - Shot by Joel Hanley.
16:10 of 1st period - Shot Misses the Net.
16:12 of 1st period - Shot by Matty Beniers.
16:12 of 1st period - Shot Blocked by Erik Johnson.
16:14 of 1st period - Shot by Radko Gudas.
16:14 of 1st period - Stopped by James Reimer with a rebound.
16:16 of 1st period - Shot by Joel Hanley.
16:16 of 1st period - Stopped by James Reimer with a rebound.
17:07 of 1st period - Shot by Luke Kunin.
17:07 of 1st period - Stopped by James Reimer without a rebound.
17:08 of 1st period - Matty Beniers wins face-off versus Patrick Kane in CHICAGO Blackhawks zone.
17:51 of 1st period - Shot by Teuvo Teravainen.
17:51 of 1st period - Shot Blocked by Joel Hanley.
18:09 of 1st period - Shot by Zack MacEwen.
18:09 of 1st period - Shot Blocked by Erik Johnson.
18:23 of 1st period - Shot by Joel Hanley.
18:23 of 1st period - Shot Misses the Net.
18:25 of 1st period - Shot by Joel Hanley.
18:25 of 1st period - Shot Misses the Net.
19:17 of 1st period - Shot by Trent Frederic.
19:17 of 1st period - Stopped by Sergei Bobrovsky with a rebound.
19:19 of 1st period - Shot by Tom Wilson.
19:19 of 1st period - Shot Blocked by Jakub Zboril.
19:21 of 1st period - Shot by Trent Frederic.
19:21 of 1st period - Stopped by Sergei Bobrovsky without a rebound.
19:22 of 1st period - Teuvo Teravainen wins face-off versus Matty Beniers in SEATTLE Kraken zone.
19:27 of 1st period - Shot by Patrick Kane.
19:27 of 1st period - Shot Misses the Net.
19:32 of 1st period - Teuvo Teravainen is hit by Radko Gudas and loses puck.
Goals for this period are 1 for CHICAGO Blackhawks vs 1 for SEATTLE Kraken.
Shots for this period are 8 for CHICAGO Blackhawks vs 12 for SEATTLE Kraken.

2nd period


0:01 of 2nd period - Marcus Foligno wins face-off versus Jordan Greenway in neutral zone.
0:03 of 2nd period - Minor Penalty to Luke Kunin for Holding Stick.
0:04 of 2nd period - Patrick Kane wins face-off versus Brendan Lemieux in SEATTLE Kraken zone.
0:07 of 2nd period - Shot by Aaron Ekblad.
0:07 of 2nd period - Shot Misses the Net.
0:09 of 2nd period - Shot by Aaron Ekblad.
0:09 of 2nd period - Shot Misses the Net.
0:13 of 2nd period - Shot by Aaron Ekblad.
0:13 of 2nd period - Goal by Aaron Ekblad - CHICAGO Blackhawks : 2 - SEATTLE Kraken : 1.
0:14 of 2nd period - Jonathan Toews wins face-off versus Luke Kunin in neutral zone.
0:14 of 2nd period - Patrick Kane is hit by Luke Kunin.
0:20 of 2nd period - Shot by Jordan Greenway.
0:20 of 2nd period - Shot Misses the Net.
0:52 of 2nd period - Icing by Radko Gudas.
0:53 of 2nd period - Ryan Johansen wins face-off versus Luke Kunin in SEATTLE Kraken zone.
0:53 of 2nd period - Jake Walman is hit by Radko Gudas and loses puck.
0:59 of 2nd period - Radko Gudas is hit by Erik Johnson and loses puck.
1:27 of 2nd period - Matty Beniers is hit by Marcus Foligno and loses puck.
1:50 of 2nd period - Shot by Matt Martin.
1:50 of 2nd period - Shot Misses the Net.
1:52 of 2nd period - Shot by Jakub Zboril.
1:52 of 2nd period - Stopped by James Reimer without a rebound.
1:53 of 2nd period - Jonathan Toews wins face-off versus Mathieu Olivier in CHICAGO Blackhawks zone.
1:53 of 2nd period - Jonathan Toews is hit by Wayne Simmonds.
2:11 of 2nd period - Shot by Matt Roy.
2:11 of 2nd period - Shot Misses the Net.
2:21 of 2nd period - Shot by Teuvo Teravainen.
2:21 of 2nd period - Shot Blocked by Joel Hanley.
2:23 of 2nd period - Shot by Jonathan Toews.
2:23 of 2nd period - Shot Blocked by Joel Hanley.
2:25 of 2nd period - Shot by Teuvo Teravainen.
2:25 of 2nd period - Stopped by Sergei Bobrovsky without a rebound.
2:26 of 2nd period - Trent Frederic wins face-off versus Luke Kunin in SEATTLE Kraken zone.
2:28 of 2nd period - Tom Wilson is hit by Radko Gudas and loses puck.
2:45 of 2nd period - Eric Robinson is hit by Jordan Greenway and loses puck.
2:57 of 2nd period - Eric Robinson is hit by Radko Gudas and loses puck.
3:01 of 2nd period - Icing by Jordan Greenway.
3:02 of 2nd period - Luke Kunin wins face-off versus Ryan Johansen in SEATTLE Kraken zone.
3:27 of 2nd period - Icing by Ryan Johansen.
3:28 of 2nd period - Ryan Johansen wins face-off versus Matty Beniers in CHICAGO Blackhawks zone.
3:28 of 2nd period - Conor Sheary is hit by Matt Martin.
3:35 of 2nd period - Marcus Foligno is hit by Arber Xhekaj and loses puck.
3:48 of 2nd period - Shot by Ryan Johansen.
3:48 of 2nd period - Stopped by Sergei Bobrovsky without a rebound.
3:49 of 2nd period - Jonathan Toews wins face-off versus Mathieu Olivier in SEATTLE Kraken zone.
4:00 of 2nd period - Minor Penalty to Mathieu Olivier for Tripping.
4:01 of 2nd period - Jonathan Toews wins face-off versus Brendan Lemieux in SEATTLE Kraken zone.
4:04 of 2nd period - Shot by Teuvo Teravainen.
4:04 of 2nd period - Shot Blocked by Jakub Zboril.
4:06 of 2nd period - Shot by Erik Johnson.
4:06 of 2nd period - Shot Misses the Net.
4:08 of 2nd period - Shot by Jonathan Toews.
4:08 of 2nd period - Stopped by Sergei Bobrovsky without a rebound.
4:09 of 2nd period - Brendan Lemieux wins face-off versus Ryan Johansen in SEATTLE Kraken zone.
5:18 of 2nd period - Icing by Jake Walman.
5:19 of 2nd period - Jordan Greenway wins face-off versus Jonathan Toews in CHICAGO Blackhawks zone.
5:22 of 2nd period - Shot by Jakub Zboril.
5:22 of 2nd period - Shot Misses the Net.
6:54 of 2nd period - Minor Penalty to Matt Martin for Tripping.
6:55 of 2nd period - Ryan Johansen wins face-off versus Luke Kunin in SEATTLE Kraken zone.
7:16 of 2nd period - Icing by Matt Roy.
7:17 of 2nd period - Ryan Johansen wins face-off versus Brendan Lemieux in CHICAGO Blackhawks zone.
7:19 of 2nd period - Icing by Matt Roy.
7:20 of 2nd period - Ryan Johansen wins face-off versus Brendan Lemieux in CHICAGO Blackhawks zone.
7:41 of 2nd period - Shot by Conor Sheary.
7:41 of 2nd period - Stopped by Sergei Bobrovsky without a rebound.
7:41 of 2nd period - Minor Penalty to Sergei Bobrovsky for Slashing.
7:42 of 2nd period - Jonathan Toews wins face-off versus Jordan Greenway in SEATTLE Kraken zone.
7:51 of 2nd period - Shot by Marcus Foligno.
7:51 of 2nd period - Shot Misses the Net.
8:01 of 2nd period - Shot by Jake Walman.
8:01 of 2nd period - Shot Misses the Net.
8:09 of 2nd period - Shot by Marcus Foligno.
8:09 of 2nd period - Stopped by Sergei Bobrovsky without a rebound.
8:10 of 2nd period - Jordan Greenway wins face-off versus Ryan Johansen in SEATTLE Kraken zone.
8:21 of 2nd period - Jordan Greenway is hit by Ryan Johansen and loses puck.
9:13 of 2nd period - Icing by Erik Johnson.
9:14 of 2nd period - Ryan Kesler wins face-off versus Marcus Foligno in CHICAGO Blackhawks zone.
9:55 of 2nd period - Shot by Tyler Motte.
9:55 of 2nd period - Shot Misses the Net.
9:58 of 2nd period - Minor Penalty to Brett Ritchie for Holding.
9:59 of 2nd period - Patrick Kane wins face-off versus Matt Martin in CHICAGO Blackhawks zone.
10:16 of 2nd period - Conor Sheary is hit by Wayne Simmonds and loses puck.
10:27 of 2nd period - Shot by Joel Hanley.
10:27 of 2nd period - Shot Misses the Net.
10:29 of 2nd period - Shot by Joel Hanley.
10:29 of 2nd period - Shot Blocked by Matt Roy.
11:02 of 2nd period - Jordan Greenway is hit by Jake Walman and loses puck.
11:11 of 2nd period - Shot by Jordan Greenway.
11:11 of 2nd period - Shot Hit the Post.
11:22 of 2nd period - Brendan Lemieux is hit by Jake Walman and loses puck.
12:14 of 2nd period - Shot by Ryan Kesler.
12:14 of 2nd period - Shot Misses the Net.
12:16 of 2nd period - Shot by Zack MacEwen.
12:16 of 2nd period - Stopped by James Reimer without a rebound.
12:17 of 2nd period - Trent Frederic wins face-off versus Mathieu Olivier in CHICAGO Blackhawks zone.
13:04 of 2nd period - Nicolas Hague is hit by Zack MacEwen and loses puck.
14:00 of 2nd period - Matty Beniers is hit by Matt Roy.
14:05 of 2nd period - Minor Penalty to Liam O'Brien for Slashing.
14:06 of 2nd period - Ryan Johansen wins face-off versus Ryan Kesler in SEATTLE Kraken zone.
14:15 of 2nd period - Shot by Patrick Kane.
14:15 of 2nd period - Deflect By Conor Sheary.
14:15 of 2nd period - Stopped by Sergei Bobrovsky without a rebound.
14:16 of 2nd period - Brendan Lemieux wins face-off versus Ryan Johansen in SEATTLE Kraken zone.
14:16 of 2nd period - Brendan Lemieux is hit by Conor Sheary.
14:29 of 2nd period - Icing by Patrick Kane.
14:30 of 2nd period - Ryan Johansen wins face-off versus Brendan Lemieux in CHICAGO Blackhawks zone.
14:36 of 2nd period - Erik Johnson is hit by Luke Kunin and loses puck.
15:07 of 2nd period - Shot by Erik Johnson.
15:07 of 2nd period - Stopped by Sergei Bobrovsky without a rebound.
15:08 of 2nd period - Jordan Greenway wins face-off versus Jonathan Toews in SEATTLE Kraken zone.
15:33 of 2nd period - Shot by Matt Roy.
15:33 of 2nd period - Shot Misses the Net.
15:35 of 2nd period - Shot by Marcus Foligno.
15:35 of 2nd period - Stopped by Sergei Bobrovsky without a rebound.
15:36 of 2nd period - Ryan Johansen wins face-off versus Brendan Lemieux in SEATTLE Kraken zone.
15:40 of 2nd period - Patrick Kane is hit by Jakub Zboril and loses puck.
15:52 of 2nd period - Conor Sheary is hit by Joel Hanley and loses puck.
15:55 of 2nd period - Shot by Jake Walman.
15:55 of 2nd period - Shot Misses the Net.
15:57 of 2nd period - Shot by Jake Walman.
15:57 of 2nd period - Shot Hit the Post.
15:59 of 2nd period - Shot by Conor Sheary.
15:59 of 2nd period - Shot Blocked by Jakub Zboril.
16:09 of 2nd period - Shot by Aaron Ekblad.
16:09 of 2nd period - Shot Misses the Net.
16:27 of 2nd period - Shot by Matty Beniers.
16:27 of 2nd period - Stopped by James Reimer without a rebound.
16:28 of 2nd period - Tyler Motte wins face-off versus Mathieu Olivier in CHICAGO Blackhawks zone.
16:51 of 2nd period - Shot by Taylor Raddysh.
16:51 of 2nd period - Shot Blocked by Jordan Gross.
17:00 of 2nd period - Icing by Joel Hanley.
17:01 of 2nd period - Jonathan Toews wins face-off versus Mathieu Olivier in SEATTLE Kraken zone.
17:12 of 2nd period - Shot by Patrick Kane.
17:12 of 2nd period - Stopped by Sergei Bobrovsky without a rebound.
17:13 of 2nd period - Ryan Johansen wins face-off versus Matty Beniers in SEATTLE Kraken zone.
18:14 of 2nd period - Shot by Teuvo Teravainen.
18:14 of 2nd period - Stopped by Sergei Bobrovsky without a rebound.
18:15 of 2nd period - Jonathan Toews wins face-off versus Zack MacEwen in SEATTLE Kraken zone.
18:20 of 2nd period - Shot by Jonathan Toews.
18:20 of 2nd period - Shot Misses the Net.
18:31 of 2nd period - Jordan Gross is hit by Aaron Ekblad and loses puck.
18:40 of 2nd period - Shot by Joel Hanley.
18:40 of 2nd period - Shot Blocked by Aaron Ekblad.
18:42 of 2nd period - Shot by Brendan Lemieux.
18:42 of 2nd period - Shot Misses the Net.
18:44 of 2nd period - Shot by Jordan Gross.
18:44 of 2nd period - Shot Misses the Net.
18:46 of 2nd period - Shot by Zack MacEwen.
18:46 of 2nd period - Stopped by James Reimer with a rebound.
Goals for this period are 1 for CHICAGO Blackhawks vs 0 for SEATTLE Kraken.
Shots for this period are 11 for CHICAGO Blackhawks vs 4 for SEATTLE Kraken.

3rd period


0:01 of 3rd period - Jonathan Toews wins face-off versus Luke Kunin in neutral zone.
0:15 of 3rd period - Luke Kunin is hit by Matt Roy and loses puck.
0:33 of 3rd period - Aaron Ekblad is hit by Radko Gudas.
1:05 of 3rd period - Shot by Matty Beniers.
1:05 of 3rd period - Shot Misses the Net.
1:16 of 3rd period - Minor Penalty to Teuvo Teravainen for Tripping.
1:17 of 3rd period - Matty Beniers wins face-off versus Trent Frederic in CHICAGO Blackhawks zone.
1:18 of 3rd period - Shot by Radko Gudas.
1:18 of 3rd period - Stopped by James Reimer without a rebound.
1:19 of 3rd period - Matty Beniers wins face-off versus Trent Frederic in CHICAGO Blackhawks zone.
1:20 of 3rd period - Shot by Radko Gudas.
1:20 of 3rd period - Stopped by James Reimer without a rebound.
1:21 of 3rd period - Trent Frederic wins face-off versus Matty Beniers in CHICAGO Blackhawks zone.
1:34 of 3rd period - Shot by Conor Sheary.
1:34 of 3rd period - Shot Blocked by Radko Gudas.
1:37 of 3rd period - Icing by Matty Beniers.
1:38 of 3rd period - Trent Frederic wins face-off versus Matty Beniers in SEATTLE Kraken zone.
1:49 of 3rd period - Shot by Matty Beniers.
1:49 of 3rd period - Stopped by James Reimer with a rebound.
2:07 of 3rd period - Shot by Radko Gudas.
2:07 of 3rd period - Shot Misses the Net.
2:09 of 3rd period - Shot by Radko Gudas.
2:09 of 3rd period - Stopped by James Reimer without a rebound.
2:10 of 3rd period - Patrick Kane wins face-off versus Luke Kunin in CHICAGO Blackhawks zone.
2:21 of 3rd period - Patrick Kane is hit by Brendan Lemieux and loses puck.
2:40 of 3rd period - Shot by Jake Gardiner.
2:40 of 3rd period - Stopped by James Reimer with a rebound.
3:29 of 3rd period - Nicolas Hague is hit by Zack MacEwen and loses puck.
3:48 of 3rd period - Shot by Tyler Motte.
3:48 of 3rd period - Shot Misses the Net.
4:37 of 3rd period - Shot by Eric Robinson.
4:37 of 3rd period - Shot Misses the Net.
5:09 of 3rd period - Icing by Jakub Zboril.
5:10 of 3rd period - Matty Beniers wins face-off versus Jonathan Toews in SEATTLE Kraken zone.
5:27 of 3rd period - Icing by Wayne Simmonds.
5:28 of 3rd period - Mathieu Olivier wins face-off versus Ryan Johansen in SEATTLE Kraken zone.
5:57 of 3rd period - Mathieu Olivier is hit by Aaron Ekblad.
7:11 of 3rd period - Minor Penalty to Arber Xhekaj for Holding.
7:12 of 3rd period - Ryan Kesler wins face-off versus Ryan Johansen in SEATTLE Kraken zone.
8:06 of 3rd period - Shot by Jake Walman.
8:06 of 3rd period - Shot Misses the Net.
8:12 of 3rd period - Shot by Jonathan Toews.
8:12 of 3rd period - Shot Misses the Net.
8:14 of 3rd period - Shot by Erik Johnson.
8:14 of 3rd period - Deflect By Teuvo Teravainen.
8:14 of 3rd period - Shot Misses the Net.
8:16 of 3rd period - Shot by Erik Johnson.
8:16 of 3rd period - Stopped by Sergei Bobrovsky without a rebound.
8:17 of 3rd period - Brendan Lemieux wins face-off versus Teuvo Teravainen in SEATTLE Kraken zone.
9:12 of 3rd period - Icing by Jakub Zboril.
9:13 of 3rd period - Mathieu Olivier wins face-off versus Trent Frederic in SEATTLE Kraken zone.
9:13 of 3rd period - Mathieu Olivier is hit by Trent Frederic.
9:39 of 3rd period - Shot by Tom Wilson.
9:39 of 3rd period - Stopped by Sergei Bobrovsky without a rebound.
9:40 of 3rd period - Matty Beniers wins face-off versus Tyler Motte in SEATTLE Kraken zone.
9:53 of 3rd period - Shot by Matt Roy.
9:53 of 3rd period - Stopped by Sergei Bobrovsky without a rebound.
9:54 of 3rd period - Brendan Lemieux wins face-off versus Ryan Johansen in SEATTLE Kraken zone.
9:54 of 3rd period - Brendan Lemieux is hit by Marcus Foligno.
10:12 of 3rd period - Shot by Ryan Johansen.
10:12 of 3rd period - Stopped by Sergei Bobrovsky without a rebound.
10:13 of 3rd period - Jonathan Toews wins face-off versus Matt Martin in SEATTLE Kraken zone.
10:13 of 3rd period - Patrick Kane is hit by Radko Gudas and loses puck.
10:22 of 3rd period - Aaron Ekblad is hit by Matt Martin and loses puck.
10:49 of 3rd period - Shot by Teuvo Teravainen.
10:49 of 3rd period - Stopped by Sergei Bobrovsky without a rebound.
10:50 of 3rd period - Ryan Johansen wins face-off versus Luke Kunin in SEATTLE Kraken zone.
12:15 of 3rd period - Shot by Patrick Kane.
12:15 of 3rd period - Stopped by Sergei Bobrovsky without a rebound.
12:16 of 3rd period - Matty Beniers wins face-off versus Trent Frederic in SEATTLE Kraken zone.
12:16 of 3rd period - Matty Beniers is hit by Trent Frederic.
12:38 of 3rd period - Matty Beniers is hit by Nicolas Hague.
12:45 of 3rd period - Matty Beniers is hit by Josh Manson and loses puck.
13:14 of 3rd period - Shot by Brendan Lemieux.
13:14 of 3rd period - Shot Misses the Net.
13:24 of 3rd period - Shot by Jordan Greenway.
13:24 of 3rd period - Shot Blocked by Josh Manson.
13:26 of 3rd period - Shot by Arber Xhekaj.
13:26 of 3rd period - Stopped by James Reimer without a rebound.
13:27 of 3rd period - Jonathan Toews wins face-off versus Givani Smith in CHICAGO Blackhawks zone.
13:27 of 3rd period - Matt Roy is hit by Givani Smith and loses puck.
13:34 of 3rd period - Shot by Givani Smith.
13:34 of 3rd period - Stopped by James Reimer with a rebound.
13:36 of 3rd period - Shot by Mathieu Olivier.
13:36 of 3rd period - Shot Blocked by Aaron Ekblad.
13:38 of 3rd period - Shot by Wayne Simmonds.
13:38 of 3rd period - Shot Misses the Net.
14:06 of 3rd period - Shot by Wayne Simmonds.
14:06 of 3rd period - Shot Hit the Post.
14:19 of 3rd period - Off-side.
14:20 of 3rd period - Ryan Johansen wins face-off versus Luke Kunin in neutral zone.
14:48 of 3rd period - Ryan Johansen is hit by Radko Gudas and loses puck.
14:51 of 3rd period - Shot by Conor Sheary.
14:51 of 3rd period - Stopped by Sergei Bobrovsky without a rebound.
14:52 of 3rd period - Liam O'Brien wins face-off versus Tyler Motte in SEATTLE Kraken zone.
15:44 of 3rd period - Josh Manson is hit by Radko Gudas and loses puck.
15:48 of 3rd period - Icing by Radko Gudas.
15:49 of 3rd period - Jonathan Toews wins face-off versus Luke Kunin in SEATTLE Kraken zone.
15:54 of 3rd period - Shot by Teuvo Teravainen.
15:54 of 3rd period - Shot Misses the Net.
16:14 of 3rd period - Shot by Jonathan Toews.
16:14 of 3rd period - Stopped by Sergei Bobrovsky without a rebound.
16:14 of 3rd period - Minor Penalty to Radko Gudas for Interference.
16:15 of 3rd period - Brendan Lemieux wins face-off versus Ryan Johansen in SEATTLE Kraken zone.
17:22 of 3rd period - Shot by Matt Roy.
17:22 of 3rd period - Stopped by Sergei Bobrovsky without a rebound.
17:23 of 3rd period - Jonathan Toews wins face-off versus Jordan Greenway in SEATTLE Kraken zone.
17:24 of 3rd period - Shot by Teuvo Teravainen.
17:24 of 3rd period - Stopped by Sergei Bobrovsky without a rebound.
17:25 of 3rd period - Jonathan Toews wins face-off versus Jordan Greenway in SEATTLE Kraken zone.
17:26 of 3rd period - Shot by Matt Roy.
17:26 of 3rd period - Shot Misses the Net.
17:48 of 3rd period - Shot by Matt Roy.
17:48 of 3rd period - Shot Blocked by Jordan Gross.
17:50 of 3rd period - Shot by Aaron Ekblad.
17:50 of 3rd period - Goal by Aaron Ekblad - CHICAGO Blackhawks : 3 - SEATTLE Kraken : 1.
17:51 of 3rd period - Trent Frederic wins face-off versus Mathieu Olivier in neutral zone.
17:51 of 3rd period - Eric Robinson is hit by Wayne Simmonds and loses puck.
18:13 of 3rd period - Icing by Jakub Zboril.
18:14 of 3rd period - Mathieu Olivier wins face-off versus Jonathan Toews in SEATTLE Kraken zone.
18:25 of 3rd period - Shot by Givani Smith.
18:25 of 3rd period - Shot Misses the Net.
18:30 of 3rd period - Icing by Aaron Ekblad.
18:31 of 3rd period - Jonathan Toews wins face-off versus Luke Kunin in CHICAGO Blackhawks zone.
18:38 of 3rd period - Shot by Brendan Lemieux.
18:38 of 3rd period - Goal by Brendan Lemieux - CHICAGO Blackhawks : 3 - SEATTLE Kraken : 2.
18:39 of 3rd period - Luke Kunin wins face-off versus Ryan Johansen in neutral zone.
19:01 of 3rd period - SEATTLE Kraken, Sergei Bobrovsky is pulled from the net.
19:11 of 3rd period - Shot by Jordan Greenway.
19:11 of 3rd period - Stopped by James Reimer without a rebound.
19:12 of 3rd period - Luke Kunin wins face-off versus Ryan Johansen in CHICAGO Blackhawks zone.
19:17 of 3rd period - Shot by Jake Gardiner.
19:17 of 3rd period - Stopped by James Reimer without a rebound.
19:18 of 3rd period - Ryan Johansen wins face-off versus Luke Kunin in CHICAGO Blackhawks zone.
19:18 of 3rd period - Ryan Johansen is hit by Luke Kunin.
19:34 of 3rd period - Shot by Ryan Johansen.
19:34 of 3rd period - Shot Misses the Net.
19:36 of 3rd period - Shot by Aaron Ekblad.
19:36 of 3rd period - Goal by Aaron Ekblad - CHICAGO Blackhawks : 4 - SEATTLE Kraken : 2.
19:36 of 3rd period - Sergei Bobrovsky from SEATTLE Kraken was sent back in the game.
19:37 of 3rd period - Matty Beniers wins face-off versus Trent Frederic in neutral zone.
Goals for this period are 2 for CHICAGO Blackhawks vs 1 for SEATTLE Kraken.
Shots for this period are 12 for CHICAGO Blackhawks vs 10 for SEATTLE Kraken. Output by the SimonT Hockey Simulator (STHS) for Martin Benoit - Original Page W3C HTML5 Valid
Hockey Simulator - Hockey Simulation - Hockey Manager